TOP OF THE 1ST |
Cincinnati Pride batting - Pitching for Minnesota Death Stars : RHP Júlio Ruíz
|
Pitching: RHP Júlio Ruíz
|
|
Batting: SHB Nick Marshall
|
0-0: Ball 1-0: SINGLE (Groundball, 34D)
|
Batting: LHB Ricardo Brandariz
|
0-0: Ball 1-0: Called Strike 1-1: Foul Ball, location: 2F 1-2: Ball 2-2: Foul Ball, location: 2F 2-2: Ball 3-2: Base on Balls Nick Marshall to second
|
Batting: RHB Fernando Díaz
|
0-0: Fly out, F8 (Popup, 8RS)
|
Batting: LHB Robin Hill
|
Reached via error on a dropped throw, E1 Nick Marshall to third Ricardo Brandariz to second
|
Batting: RHB Francisco Rincón
|
0-0: Called Strike 0-1: Ball 1-1: Ball 2-1: Called Strike 2-2: Ball 3-2: Fly out, F3 (Popup, 3SF)
|
Batting: RHB Peter Sexton
|
0-0: Called Strike 0-1: Fly out, F8 (Line Drive, 8RS)
|
Top of the 1st over - 0 run(s), 1 hit(s), 1 error(s), 3 left on base; Cincinnati 0 - Minnesota 0 |
BOTTOM OF THE 1ST |
Minnesota Death Stars batting - Pitching for Cincinnati Pride : RHP Jesús Martínez
|
Pitching: RHP Jesús Martínez
|
|
Batting: SHB Boys van der Lack
|
0-0: Foul Ball, location: 2F 0-1: Ball 1-1: Swinging Strike 1-2: SINGLE (Groundball, 34)
|
Batting: RHB Jorge Martínez
|
0-0: Called Strike 0-1: Ball 1-1: Swinging Strike 1-2: Fielders Choice at 2nd, 4-6 (Groundball, 4)
|
Batting: LHB Chris Loudermilk
|
0-0: Swinging Strike 0-1: Ball 1-1: Ball 2-1: Ball 3-1: Base on Balls Jorge Martínez to second
|
Batting: RHB Manny Clemente
|
0-0: Called Strike 0-1: Called Strike 0-2: Ball 1-2: Strikes out swinging
|
Batting: RHB Herb Ashley
|
0-0: Fly out, F8 (Line Drive, 8RM)
|
Bottom of the 1st over - 0 run(s), 1 hit(s), 0 error(s), 2 left on base; Cincinnati 0 - Minnesota 0 |
TOP OF THE 2ND |
Cincinnati Pride batting - Pitching for Minnesota Death Stars : RHP Júlio Ruíz
|
Batting: RHB Jonas Uttley
|
0-0: Swinging Strike 0-1: Swinging Strike 0-2: Ball 1-2: Foul Ball, location: 2F 1-2: Strikes out swinging
|
Batting: RHB Alden Isenhood
|
0-0: Ball 1-0: Ball 2-0: Ball 3-0: Base on Balls
|
Batting: RHB Gabriel Villegas
|
0-0: Called Strike Alden Isenhood steals 2nd base 0-1: Called Strike 0-2: Ball 1-2: Fly out, F9 (Flyball, 9M)
|
Batting: SHB Nick Marshall
|
0-0: Ball 1-0: SINGLE (Line Drive, 6D) Alden Isenhood to third Runner from 3rd tries for Home, SAFE, no throw or cutoff
|
Batting: LHB Ricardo Brandariz
|
0-0: Foul Ball, location: 2F 0-1: DOUBLE (Line Drive, 78M) Nick Marshall to third
|
Batting: RHB Fernando Díaz
|
0-0: Ball 1-0: Ground out 6-3 (Groundball, 6)
|
Top of the 2nd over - 1 run(s), 2 hit(s), 0 error(s), 2 left on base; Cincinnati 1 - Minnesota 0 |
BOTTOM OF THE 2ND |
Minnesota Death Stars batting - Pitching for Cincinnati Pride : RHP Jesús Martínez
|
Batting: RHB John Brown
|
0-0: Ball 1-0: Ball 2-0: Ball 3-0: Called Strike 3-1: Base on Balls
|
Batting: RHB Peter Dixon
|
0-0: Ball 1-0: Ball 2-0: Foul Ball, location: 2F 2-1: Ball 3-1: Base on Balls John Brown to second
|
Batting: RHB Chet Decker
|
0-0: Ball 1-0: Foul Ball, location: 2F 1-1: Ground out U3 (Groundball, 3S) John Brown to third Peter Dixon to second
|
Batting: RHB Marcos Valdés
|
0-0: Ground out 6-3 (Groundball, 6) John Brown scores Peter Dixon to third
|
Batting: SHB Boys van der Lack
|
0-0: Ball 1-0: Swinging Strike 1-1: Called Strike 1-2: Strikes out swinging
|
Bottom of the 2nd over - 1 run(s), 0 hit(s), 0 error(s), 1 left on base; Cincinnati 1 - Minnesota 1 |
TOP OF THE 3RD |
Cincinnati Pride batting - Pitching for Minnesota Death Stars : RHP Júlio Ruíz
|
Batting: LHB Robin Hill
|
0-0: Fly out, F9 (Flyball, 89M)
|
Batting: RHB Francisco Rincón
|
0-0: Called Strike 0-1: Fly out, F9 (Flyball, 89S)
|
Batting: RHB Peter Sexton
|
0-0: Called Strike 0-1: Ball 1-1: Ball 2-1: Ground out U3 (Groundball, 3)
|
Top of the 3rd over - 0 run(s), 0 hit(s), 0 error(s), 0 left on base; Cincinnati 1 - Minnesota 1 |
BOTTOM OF THE 3RD |
Minnesota Death Stars batting - Pitching for Cincinnati Pride : RHP Jesús Martínez
|
Batting: RHB Jorge Martínez
|
0-0: Bunt for hit - play at first, batter OUT! 1-3
|
Batting: LHB Chris Loudermilk
|
0-0: SINGLE (Flyball, 9LS)
|
Batting: RHB Manny Clemente
|
0-0: Called Strike 0-1: SINGLE (Flyball, 7S) Chris Loudermilk to second
|
Batting: RHB Herb Ashley
|
0-0: Ball 1-0: Called Strike 1-1: Ball 2-1: Called Strike 2-2: Foul Ball, location: 2F 2-2: Strikes out swinging
|
Batting: RHB John Brown
|
0-0: Ball 1-0: Called Strike 1-1: Ball 2-1: Ball 3-1: Called Strike 3-2: Base on Balls Chris Loudermilk to third Manny Clemente to second
|
Batting: RHB Peter Dixon
|
0-0: Fly out, F2 (Popup, 23F)
|
Bottom of the 3rd over - 0 run(s), 2 hit(s), 0 error(s), 3 left on base; Cincinnati 1 - Minnesota 1 |
TOP OF THE 4TH |
Cincinnati Pride batting - Pitching for Minnesota Death Stars : RHP Júlio Ruíz
|
Batting: RHB Jonas Uttley
|
0-0: Ground out 6-3 (Groundball, 6)
|
Batting: RHB Alden Isenhood
|
0-0: Foul Ball, location: 2F 0-1: Called Strike 0-2: Ball 1-2: Foul Ball, location: 2F 1-2: Strikes out swinging
|
Batting: RHB Gabriel Villegas
|
0-0: Ball 1-0: Called Strike 1-1: Ball 2-1: DOUBLE (Line Drive, 8RM)
|
Batting: SHB Nick Marshall
|
0-0: Called Strike 0-1: Ball 1-1: Foul Ball, location: 2F 1-2: Ball 2-2: Ground out 4-3 (Groundball, 4)
|
Top of the 4th over - 0 run(s), 1 hit(s), 0 error(s), 1 left on base; Cincinnati 1 - Minnesota 1 |
BOTTOM OF THE 4TH |
Minnesota Death Stars batting - Pitching for Cincinnati Pride : RHP Jesús Martínez
|
Batting: RHB Chet Decker
|
0-0: Ball 1-0: Ball 2-0: DOUBLE (Flyball, 9LD)
|
Batting: RHB Marcos Valdés
|
0-0: Ball 1-0: Swinging Strike 1-1: Swinging Strike 1-2: Ball 2-2: Strikes out swinging
|
Batting: SHB Boys van der Lack
|
0-0: Foul Ball, location: 2F 0-1: Ball 1-1: Ball 2-1: Swinging Strike 2-2: Ball 3-2: Strikes out swinging
|
Pitching: LHP Joseph Byrne
|
|
Batting: RHB Jorge Martínez
|
0-0: Called Strike 0-1: Fly out, F9 (Flyball, 89M)
|
Bottom of the 4th over - 0 run(s), 1 hit(s), 0 error(s), 1 left on base; Cincinnati 1 - Minnesota 1 |
TOP OF THE 5TH |
Cincinnati Pride batting - Pitching for Minnesota Death Stars : RHP Júlio Ruíz
|
Batting: LHB Ricardo Brandariz
|
0-0: Foul Ball, location: 2F 0-1: Swinging Strike 0-2: Strikes out swinging
|
Batting: RHB Fernando Díaz
|
0-0: Ball 1-0: Called Strike 1-1: Foul Ball, location: 2F 1-2: Ball 2-2: Foul Ball, location: 2F 2-2: Ball 3-2: SINGLE (Groundball, 56)
|
Batting: LHB Robin Hill
|
0-0: Fielders Choice at 2nd, 4-6 (Groundball, 4)
|
Batting: RHB Francisco Rincón
|
0-0: Ball Robin Hill steals 2nd base 1-0: Called Strike 1-1: Ball 2-1: Ball 3-1: Base on Balls
|
Batting: RHB Peter Sexton
|
0-0: Foul Ball, location: 2F 0-1: Ball 1-1: Foul Ball, location: 2F 1-2: Foul Ball, location: 2F 1-2: Ball 2-2: Ground out 4-3 (Groundball, 4)
|
Top of the 5th over - 0 run(s), 1 hit(s), 0 error(s), 2 left on base; Cincinnati 1 - Minnesota 1 |
BOTTOM OF THE 5TH |
Minnesota Death Stars batting - Pitching for Cincinnati Pride : LHP Joseph Byrne
|
Batting: LHB Chris Loudermilk
|
0-0: Ball 1-0: Called Strike 1-1: Ground out U3 (Groundball, 3)
|
Batting: RHB Manny Clemente
|
0-0: Ball 1-0: Ball 2-0: Called Strike 2-1: Swinging Strike 2-2: Ball 3-2: SINGLE (Groundball, 56)
|
Batting: RHB Herb Ashley
|
0-0: Swinging Strike 0-1: Ball 1-1: Ball 2-1: Ball 3-1: Foul Ball, location: 2F 3-2: Strikes out swinging Manny Clemente is caught stealing 2nd base Batter strikes out.
|
Bottom of the 5th over - 0 run(s), 1 hit(s), 0 error(s), 0 left on base; Cincinnati 1 - Minnesota 1 |
TOP OF THE 6TH |
Cincinnati Pride batting - Pitching for Minnesota Death Stars : RHP Júlio Ruíz
|
Pitching: RHP Travis Whitney
|
|
Batting: RHB Jonas Uttley
|
0-0: Ball 1-0: Called Strike 1-1: Ground out 6-3 (Groundball, 6)
|
Batting: RHB Alden Isenhood
|
0-0: Ball 1-0: Swinging Strike 1-1: Ball 2-1: Ball 3-1: Base on Balls
|
Batting: RHB Gabriel Villegas
|
0-0: Ball 1-0: Fly out, F8 (Flyball, 8LM)
|
Batting: SHB Nick Marshall
|
0-0: Called Strike Alden Isenhood steals 2nd base 0-1: DOUBLE (Groundball, 5D) Alden Isenhood scores
|
Batting: LHB Ricardo Brandariz
|
0-0: Ball 1-0: Called Strike 1-1: Swinging Strike 1-2: Ball 2-2: Strikes out swinging
|
Top of the 6th over - 1 run(s), 1 hit(s), 0 error(s), 1 left on base; Cincinnati 2 - Minnesota 1 |
BOTTOM OF THE 6TH |
Minnesota Death Stars batting - Pitching for Cincinnati Pride : LHP Joseph Byrne
|
Batting: RHB John Brown
|
0-0: Swinging Strike 0-1: Foul Ball, location: 2F 0-2: Foul Ball, location: 2F 0-2: Strikes out swinging
|
Batting: RHB Peter Dixon
|
0-0: Ball 1-0: Ball 2-0: Foul Ball, location: 2F 2-1: Ball 3-1: Fly out, F7 (Line Drive, 7M)
|
Batting: RHB Chet Decker
|
0-0: Ball 1-0: Ball 2-0: Called Strike 2-1: DOUBLE (Flyball, 9S)
|
Batting: RHB Marcos Valdés
|
0-0: Ball 1-0: Ball 2-0: Called Strike 2-1: Ball 3-1: Called Strike 3-2: Foul Ball, location: 2F 3-2: Base on Balls
|
Batting: SHB Boys van der Lack
|
0-0: Ball 1-0: Ball 2-0: Ball 3-0: Foul Ball, location: 2F 3-1: Foul Ball, location: 2F 3-2: Strikes out swinging
|
Bottom of the 6th over - 0 run(s), 1 hit(s), 0 error(s), 2 left on base; Cincinnati 2 - Minnesota 1 |
TOP OF THE 7TH |
Cincinnati Pride batting - Pitching for Minnesota Death Stars : RHP Travis Whitney
|
Batting: RHB Fernando Díaz
|
0-0: Ball 1-0: Ball 2-0: Foul Ball, location: 2F 2-1: Foul Ball, location: 2F 2-2: Strikes out swinging
|
Batting: LHB Robin Hill
|
0-0: Ball 1-0: Ground out 5-3 (Groundball, 56S)
|
Batting: RHB Francisco Rincón
|
0-0: Ball 1-0: Ball 2-0: Ball 3-0: Foul Ball, location: 2F 3-1: Reached on error, E5 (Groundball, 5S)
|
Batting: RHB Peter Sexton
|
0-0: Swinging Strike 0-1: Ground out 1-3 (Groundball, 13)
|
Top of the 7th over - 0 run(s), 0 hit(s), 1 error(s), 1 left on base; Cincinnati 2 - Minnesota 1 |
BOTTOM OF THE 7TH |
Minnesota Death Stars batting - Pitching for Cincinnati Pride : LHP Joseph Byrne
|
Pitching: LHP José Alaniz
|
|
Batting: RHB Jorge Martínez
|
0-0: Swinging Strike 0-1: Called Strike 0-2: Ball 1-2: Strikes out swinging
|
Batting: LHB Chris Loudermilk
|
0-0: Swinging Strike 0-1: Foul Ball, location: 2F 0-2: Ball 1-2: Strikes out swinging
|
Batting: RHB Manny Clemente
|
0-0: Ball 1-0: Called Strike 1-1: SOLO HOME RUN (Flyball, 7D), Distance : 367 ft
|
Batting: RHB Herb Ashley
|
0-0: Called Strike 0-1: Swinging Strike 0-2: Strikes out swinging
|
Bottom of the 7th over - 1 run(s), 1 hit(s), 0 error(s), 0 left on base; Cincinnati 2 - Minnesota 2 |
TOP OF THE 8TH |
Cincinnati Pride batting - Pitching for Minnesota Death Stars : RHP Travis Whitney
|
Batting: RHB Jonas Uttley
|
0-0: Foul Ball, location: 2F 0-1: Foul Ball, location: 2F
|
|
|
|
0-2: Ground out 6-3 (Groundball, 6M)
|
Pitching: RHP Ángel Uribe
|
|
Batting: RHB Alden Isenhood
|
0-0: Swinging Strike 0-1: Foul Ball, location: 2F 0-2: SINGLE (Groundball, 4D)
|
Batting: RHB Gabriel Villegas
|
0-0: Ball 1-0: Called Strike 1-1: Bunted foul 1-2: Ball 2-2: Grounds into double play, 6-4-3 (Groundball, 6)
|
Top of the 8th over - 0 run(s), 1 hit(s), 0 error(s), 0 left on base; Cincinnati 2 - Minnesota 2 |
BOTTOM OF THE 8TH |
Minnesota Death Stars batting - Pitching for Cincinnati Pride : LHP José Alaniz
|
Batting: RHB John Brown
|
0-0: Called Strike 0-1: Ball 1-1: Foul Ball, location: 2F 1-2: Strikes out looking
|
Batting: RHB Peter Dixon
|
0-0: Ball 1-0: Swinging Strike 1-1: Fly out, F8 (Flyball, 8RM)
|
Batting: RHB Chet Decker
|
0-0: Ball 1-0: Ball 2-0: Fly out, F8 (Flyball, 8RXD)
|
Bottom of the 8th over - 0 run(s), 0 hit(s), 0 error(s), 0 left on base; Cincinnati 2 - Minnesota 2 |
TOP OF THE 9TH |
Cincinnati Pride batting - Pitching for Minnesota Death Stars : RHP Ángel Uribe
|
Pitching: RHP Brian Smith
|
|
Batting: SHB Nick Marshall
|
0-0: Ball 1-0: Called Strike 1-1: Foul Ball, location: 2F 1-2: Strikes out swinging
|
Batting: LHB Ricardo Brandariz
|
0-0: Ball 1-0: Fly out, F6 (Popup, 6)
|
Batting: RHB Fernando Díaz
|
0-0: Called Strike 0-1: Called Strike 0-2: Strikes out swinging
|
Top of the 9th over - 0 run(s), 0 hit(s), 0 error(s), 0 left on base; Cincinnati 2 - Minnesota 2 |
BOTTOM OF THE 9TH |
Minnesota Death Stars batting - Pitching for Cincinnati Pride : LHP José Alaniz
|
Pitching: RHP Eusébio Lagarto
|
|
Batting: RHB Marcos Valdés
|
0-0: Fly out, F9 (Flyball, 9LM)
|
Batting: SHB Boys van der Lack
|
0-0: Called Strike 0-1: SOLO HOME RUN (Flyball, 9LD), Distance : 342 ft
|
|